 Dungeon Crawl Stone Soup version 0.27-a0-679-g77a6b55cf3 (webtiles) character file.

Game seed: 1470384562908232402

20 kae the Ruffian (level 2, 0/25 HPs)
             Began as a Naga Transmuter on Mar 18, 2021.
             Slain by an adder (3 damage)
             ... on level 2 of the Dungeon.
             The game lasted 00:00:40 (947 turns).

kae the Ruffian (Naga Transmuter)                    Turns: 947, Time: 00:00:41

Health: 0/25       AC:  1    Str: 12    XL:     2   Next: 79%
Magic:  4/5        EV: 10    Int: 13    God:
Gold:   20         SH:  0    Dex: 11    Spells: 4/5 levels left

rFire    . . .     SeeInvis +     - Unarmed
rCold    . . .     Faith    .   (no shield)
rNeg     . . .     Spirit   .   a - +0 robe
rPois    +         Reflect  .   (no helmet)
rElec    .         Harm     .   (no cloak)
rCorr    .         Rampage  .   (no gloves)
Will     .....                  (no barding)
Stlth    +.........             (no amulet)
HPRegen  0.08/turn              (no ring)
MPRegen  0.09/turn              (no ring)

@: hasted, quick
A: AC +0, large, see invisible, deformed body, poison resistance, slowness 2,
spit poison 1, naga tail 1
a: Spit Poison


You were on level 2 of the Dungeon.
You visited 1 branch of the dungeon, and saw 2 of its levels.

You collected 20 gold pieces.

Inventory:

Armour
 a - a +0 robe (worn)
Jewellery
 j - a ring of protection from fire
Scrolls
 b - a scroll of silence {unknown}
 c - a scroll of magic mapping {unknown}
 d - a scroll of teleportation {unknown}
 f - a scroll of immolation {unknown}
 g - 2 scrolls of amnesia {unknown}
 h - a scroll of holy word {unknown}
 i - a scroll of identify {unknown}


   Skills:
 + Level 1.2 Fighting
 + Level 1.7 Dodging
 * Level 3.2 Unarmed Combat
 + Level 2.1 Spellcasting
 * Level 2.5 Transmutations


You had 4 spell levels left.
You knew the following spells:

 Your Spells              Type           Power      Damage    Failure   Level
a - Beastly Appendage     Tmut           16%        N/A       9%          1

Your spell library contained the following spells:

 Spells                   Type           Power      Damage    Failure   Level
 Wereblood                Tmut           8%         N/A       14%         2
 Spider Form              Tmut/Pois      2%         N/A       41%         3
 Ice Form                 Ice/Tmut       4%         N/A       83%         4
 Blade Hands              Tmut           4%         N/A       94%         5


Dungeon Overview and Level Annotations

Branches:
Dungeon (2/15)

Altars:

Shops:
D:1 *


Innate Abilities, Weirdness & Mutations

Your serpentine skin is tough. (AC +0)
You have supernaturally acute eyesight. (SInv)
Armour fits poorly on your strangely shaped body.
Your system is resistant to poisons. (rPois)
You cover ground very slowly.
You can spit poison.
You have a snake-like lower body.


Message History

Confirm with . or Enter, or press ? or * to list all spells.
You grow a pair of large bovine horns.
The leopard gecko barely misses you. The leopard gecko misses you.
You barely miss the leopard gecko. Your headbutt misses the leopard gecko.
The leopard gecko is severely wounded.
The leopard gecko bites you.
The leopard gecko bites you but does no damage.
You hit the leopard gecko.
You kill the leopard gecko!
The adder bites you.
* * * LOW HITPOINT WARNING * * *
Abil: Spit Poison
Press: ? - help, Q - select action, (/) - cycle Shift-Dir - straight line, f - adder
Aim: an adder The splash of poison hits the adder.
The adder is poisoned.
The adder is lightly wounded.
The adder barely misses you.
Your magical contamination has completely faded away.
An adder is nearby!
You barely miss the adder.
The adder is lightly wounded.
The adder bites you.
* * * LOW HITPOINT WARNING * * *
It was a potion of haste.
You feel yourself speed up. The adder closely misses you.
You hit the adder.
The adder is heavily wounded.
Your transformation is almost over.
The adder barely misses you. The adder closely misses you.
You have got your breath back.
The adder looks more healthy.
Found a viscous blue potion.
A leopard gecko comes into view.
The adder closely misses you.
Found a barding.
Your horns disappear.
The leopard gecko hisses angrily.
You hear an angry hiss.
The adder bites you.
You die...

#.# #........#
#.###........#..
#................
#.######†#####...
#.# #.# .
#.######.#
#.#....#.#
##..<...#.#
#...@#..#.#
#....S..#.# #
#.......#.#.###
#.......#.....#
#.....#...#.#.#
#.....#...#.#
#.....#...# #
#####.#.##. #.#..
..


You could see an adder.

Vanquished Creatures
  A dart slug (D:1)
  3 leopard geckos
  A ball python (D:1)
  3 bats
  2 frilled lizards (D:1)
  2 goblins (D:1)
  2 kobolds (D:1)
  A rat (D:1)
15 creatures vanquished.

Notes
Turn   | Place    | Note
-------+----------+-------------------------------------------
     0 | D:1      | kae the Naga Transmuter began the quest for the Orb.
     0 | D:1      | Reached XP level 1. HP: 18/18 MP: 3/3
   241 | D:1      | Found Merozyl's Assorted Antiques.
   307 | D:1      | Reached XP level 2. HP: 20/25 MP: 3/5
   947 | D:2      | Slain by an adder

Illustrated notes

Levels and vault maps discovered:
D:1:      nagdon_arrival_zigzag_paths, layout_basic, serial_shops, shop,
          minmay_tetromino_t2
D:2:      layout_basic, gammafunk_temple_overflow_pools

Action                   || total
-------------------------++-------
Melee: Unarmed           ||    29
       Headbutt          ||     3
 Cast: Beastly Appendage ||     9
 Abil: Spit Poison       ||    15
  Use: Potion            ||     1
Armor: Robe              ||     5
Dodge: Dodged            ||    24

Table legend: (Time is in decaauts)
 A = Elapsed time spent in this place.
 B = Non-inter-level travel time spent in this place.
 C = Inter-level travel time spent in this place.
 D = Time resting spent in this place.
 E = Time spent auto-exploring this place.
 F = Levels seen in this place.
 G = Mean time per level.
                   A        B        C        D        E       F      G
               +--------+--------+--------+--------+--------+-----+--------+
         Total |   1141 |   1075 |     66 |      0 |    952 |   2 |  570.5 |
       Dungeon |   1141 |   1075 |     66 |      0 |    952 |   2 |  570.5 |
               +--------+--------+--------+--------+--------+-----+--------+

Top non-repeatable levels by time:
     D:1: 1073 daAuts
     D:2: 68 daAuts
